 Dungeon Crawl Stone Soup version 0.27.1-2-g3b301248ec (webtiles) character file.

Game seed: 14551798346683263451

842 babuloseo the Conjurer (level 8, -3/58 HPs)
             Began as a Human Hedge Wizard on Sept 30, 2021.
             Was an Initiate of Vehumet.
             Killed by vampiric draining
             ... invoked by a vampire
              (14 damage)
             ... on level 5 of the Dungeon.
             The game lasted 00:15:46 (5587 turns).

babuloseo the Conjurer (Human Hedge Wizard)         Turns: 5587, Time: 00:15:47

Health: -3/58      AC:  5    Str: 11    XL:     8   Next: 20%
Magic:  5/14       EV: 13    Int: 19    God:    Vehumet [......]
Gold:   133        SH:  0    Dex: 13    Spells: 2/15 levels left

rFire    . . .     SeeInvis .   j - +0 staff of Battle
rCold    . . .     Faith    .   (no shield)
rNeg     . . .     Spirit   .   b - +0 robe
rPois    .         Reflect  .   h - +1 helmet {Int+3}
rElec    .         Harm     .   (no cloak)
rCorr    .         Rampage  .   s - +0 pair of gloves
Will     .....                  (no boots)
Stlth    ++........             (no amulet)
HPRegen  0.19/turn              (no ring)
MPRegen  0.14/turn              (no ring)

@: attractive
A: no striking features
a: Renounce Religion


You were on level 5 of the Dungeon.
You worshipped Vehumet.
Vehumet was noncommittal.
You visited 2 branches of the dungeon, and saw 6 of its levels.

You collected 133 gold pieces.

Inventory:

Hand Weapons
 a - a +0 dagger
 e - a +2 dagger of venom
 j - the +0 staff of Battle (weapon)
   (You acquired it on level 3 of the Dungeon)

   It enhances your conjuration magic.
   It summons a battlesphere in combat, with strength depending on Conjurations
   skill.
 l - a +3 quarterstaff of chaos
 o - a +2 short sword of venom
 u - the +7 spear of Untimely Demise {antimagic, rCorr}
   (You found it on level 4 of the Dungeon)

   It reduces the magical energy of the wielder, and disrupts the spells and
   magical abilities of those it strikes.
   Natural abilities and divine invocations are not affected.
   rCorr:     It protects you from acid and corrosion.
Missiles
 g - 8 javelins
Armour
 b - a +0 robe (worn)
 c - a +1 hat
 h - a +1 helmet of intelligence (worn)
 m - a +0 cloak
 s - a +0 pair of gloves (worn)
Magical Staves
 y - a staff of death
Jewellery
 v - a ring of fire
Wands
 d - a wand of flame (18)
Scrolls
 i - 5 scrolls of identify
 q - a scroll of enchant armour
Potions
 f - a potion of ambrosia
 k - a potion of brilliance {unknown}
 n - a potion of degeneration {unknown}
 p - 2 potions of curing {unknown}
 r - 2 potions of attraction
 t - a potion of invisibility {unknown}
 w - 2 potions of mutation {unknown}
 x - a potion of heal wounds {unknown}
 z - a potion of lignification {unknown}


   Skills:
 + Level 3.1 Fighting
 + Level 4.0 Dodging
 - Level 2.0 Stealth
 + Level 4.4 Spellcasting
 * Level 4.9 Conjurations
 - Level 1.0 Summonings
 - Level 1.0 Translocations
 + Level 3.4 Fire Magic


You had 2 spell levels left.
You knew the following spells:

 Your Spells              Type           Power      Damage    Failure   Level
a - Magic Dart            Conj           100%       1d8       1%          1
b - Call Imp              Summ           8%         N/A       13%         2
c - Conjure Flame         Conj/Fire      30%        6-21      7%          3
d - Searing Ray           Conj           68%        3d5       2%          2
e - Mephitic Cloud        Conj/Pois/Air  15%        N/A       21%         3
f - Blink                 Tloc           N/A        N/A       13%         2

Your spell library contained the following spells:

 Spells                   Type           Power      Damage    Failure   Level
 Summon Small Mammal      Summ           32%        N/A       9%          1
 Slow                     Hex            4%         N/A       21%         2
 Call Canine Familiar     Summ           8%         N/A       26%         3
 Summon Guardian Golem    Hex/Summ       6%         N/A       32%         3
 Fulminant Prism          Conj/Hex       10%        3d9       43%         4


Dungeon Overview and Level Annotations

Branches:
Dungeon (5/15)             Temple (1/1) D:5

Altars:
Ashenzari
Cheibriados
Dithmenos
Elyvilon
Fedhas
Gozag
Kikubaaqudgha
Okawaru
Qazlal
Trog
Uskayaw
Vehumet
Wu Jian
Yredelemnul
Zin
The Shining One

Shops:
D:5 (


Message History

The vampire draws strength from your injuries!
The searing ray hits the vampire.
The vampire is severely damaged.
You finish channeling your searing ray.
Your battlesphere fires!
The barrage of energy hits the vampire.
The vampire is severely damaged.
The vampire casts a spell.
The vampire flickers and vanishes!
Deactivating autopickup; reactivate with Ctrl-A.
It was a potion of attraction.
You feel attractive to monsters. Something hits you. Something bites you!
* * * LOW HITPOINT WARNING * * *
Something draws strength from your injuries!
Casting: Searing Ray (safe; 2% risk of failure)
Confirm with . or Enter, or press ? or * to list all spells.
You can't see any susceptible monsters within range! (Use Z to cast anyway.) Unknown command.
Okay, then.
Okay, then.
Casting: Searing Ray (safe; 2% risk of failure)
Confirm with . or Enter, or press ? or * to list all spells.
You blink.
Something is pulled toward you!
Unknown command.
Casting: Blink (safe; 13% risk of failure)
Confirm with . or Enter, or press ? or * to list all spells.
You can't see any susceptible monsters within range! (Use Z to cast anyway.)
There is a strange disturbance nearby!
Casting: Blink (safe; 13% risk of failure)
Confirm with . or Enter, or press ? or * to list all spells.
Aiming: Searing Ray (safe; 2% risk of failure)
Press: ? - help, Shift-Dir - straight line You feel a surge of power!
The searing ray hits something. (Press . to maintain the ray.)
Something hits you but does no damage. Something bites you!
* * * LOW HITPOINT WARNING * * *
Something draws strength from your injuries!
The searing ray hits something!
Something draws life force from you!
You die...

#...##..... #...##
#.......... #...##
#.......... #
#...######## #
#...##.....# #
#..........# #
#*.....)...# #
#{.........# #
#@.........#
#...########
#...##.....##.
#............. .
#............. .#
#...##.....### #..
#...##....#.# #.#.
#...##...#.#.#.#.#
######...##.#)#.##


You could see a friendly battlesphere.

Vanquished Creatures
  A sky beast (D:5)
  2 necrophages
  An ogre (D:5)
  A kobold brigand (D:5)
  Crazy Yiuf (D:2)
  3 orc priests (D:5)
  5 orc wizards (D:5)
  2 iguanas
  2 adders
  3 adder skeletons
  3 worms
  2 dart slugs
  15 orcs
  4 bats
  3 endoplasms
  11 goblins
  14 hobgoblins
  3 jackals (D:4)
  2 quokkas
  7 ball pythons
  2 frilled lizards (D:1)
  7 kobolds
  3 rats (D:2)
97 creatures vanquished.

Vanquished Creatures (collateral kills)
  Robin (D:2)
  A giant cockroach (D:1)
  5 goblins (D:2)
7 creatures vanquished.

Grand Total: 104 creatures vanquished

Notes
Turn   | Place    | Note
-------+----------+-------------------------------------------
     0 | D:1      | babuloseo the Human Hedge Wizard began the quest for the
                  | Orb.
     0 | D:1      | Reached XP level 1. HP: 13/13 MP: 4/4
   144 | D:1      | Reached XP level 2. HP: 14/19 MP: 0/6
   149 | D:1      | Learned a level 2 spell: Call Imp
   846 | D:2      | Found a stormy altar of Qazlal.
   850 | D:2      | Reached XP level 3. HP: 25/25 MP: 7/7
  1079 | D:2      | Found a runed translucent door.
  1080 | D:2      | Noticed Crazy Yiuf
  1282 | D:2      | Learned a level 3 spell: Conjure Flame
  1300 | D:2      | Reached skill level 1 in Fighting
  1389 | D:2      | Learned a level 2 spell: Searing Ray
  1396 | D:2      | Noticed Robin
  1474 | D:2      | Killed Robin
  1475 | D:2      | Reached XP level 4. HP: 25/32 MP: 3/9
  1870 | D:2      | Found Gisot's Antique Weapon Boutique.
  2137 | D:2      | Killed Crazy Yiuf
  2391 | D:3      | Identified a scroll of acquirement
  2391 | D:3      | Acquired the +0 staff of Battle
  2391 | D:3      | Found the +0 staff of Battle
  2665 | D:3      | Reached XP level 5. HP: 37/37 MP: 7/10
  2669 | D:3      | Learned a level 3 spell: Mephitic Cloud
  2775 | D:3      | Found a faded altar of an unknown god.
  2792 | D:3      | Reached skill level 1 in Fire Magic
  3080 | D:3      | Found an opulent altar of Gozag.
  3393 | D:4      | Identified the +7 spear of Untimely Demise {antimagic,
                  | rCorr}
  3393 | D:4      | Noticed a necrophage
  3401 | D:4      | Killed a necrophage
  3402 | D:4      | Reached XP level 6. HP: 32/44 MP: 3/11
  3519 | D:4      | Found a glowing silver altar of Zin.
  3602 | D:4      | Found a white marble altar of Elyvilon.
  3978 | D:4      | Found an ornate altar of the Wu Jian Council.
  4451 | D:5      | Entered Level 5 of the Dungeon
  4490 | D:5      | Noticed an ogre
  4493 | D:5      | Killed an ogre
  4494 | D:5      | Reached XP level 7. HP: 45/51 MP: 3/13
  4574 | D:5      | Noticed a +0 hand axe
  4600 | D:5      | Found Oped's Weapon Emporium.
  4637 | D:5      | Found a broken altar of Ashenzari.
  4928 | D:4      | Learned a level 2 spell: Blink
  5098 | D:5      | Found a shadowy altar of Dithmenos.
  5157 | D:5      | Noticed a +0 dagger
  5160 | D:5      | Found a hide-covered altar of Uskayaw.
  5198 | D:5      | Found a staircase to the Ecumenical Temple.
  5244 | Temple   | Entered the Ecumenical Temple
  5358 | Temple   | Became a worshipper of Vehumet
  5392 | D:5      | Reached XP level 8. HP: 49/57 MP: 6/14
  5579 | D:5      | Noticed a vampire
  5587 | D:5      | Killed from afar by a vampire

Illustrated notes

Levels and vault maps discovered:
D:1:      lemuel_arrival_river_bridge, layout_rooms
D:2:      layout_loops_cross, basic_altar, serial_shops, shop,
          minmay_goblin_kobold_house, uniq_crazy_yiuf_cottage, uniq_robin
D:3:      layout_basic, grunt_gozag_breadcrumbs,
          hellmonk_ecumenical_altar_heavens_door
D:4:      layout_loops_ring, zin_treasury, elyvilon_altar_3,
          nzn_wu_jian_contemplation, serial_co_window_serial,
          co_window_corner_a, co_window_corner_a, co_window_of_opportunity_a,
          co_window_corner_a, co_window_paths_a, co_window_corner_b,
          co_window_paths_c, co_window_2corner, co_window_paths_c,
          co_window_of_opportunity_b, co_window_of_opportunity_c,
          co_window_of_opportunity_c, glass_columns_a, glass_columns_c
D:5:      layout_gridville, dancing_weapons_uskayaw, ashenzari_altar_1,
          kennysheep_mini_moat, minmay_temple_entry_statues_fountains,
          serial_shops, nicolae_shop_trees, kennysheep_crisscross,
          minmay_circle_x
Temple:   nicolae_temple_figure_zero

Skill      XL: |  1  2  3  4  5  6  7  8 |
---------------+-------------------------+-----
Conjurations   | 2 3 4 |  4.9
Fighting       | 1 2 3 |  3.1
Fire Magic     | 1 2 3 |  3.4
Dodging        | 3 4 |  4.0
Spellcasting   | 4 |  4.4
Stealth        | |  2.0
Summonings     | |  1.0
Translocations | |  1.0

Action                   |  1- 3 |  4- 6 |  7- 9 || total
-------------------------+-------+-------+-------++-------
Melee: Dagger            |    75 |    20 |    15 ||   110
       Staff             |       |       |     1 ||     1
 Cast: Magic Dart        |     8 |    49 |    36 ||    93
       Call Imp          |     5 |     4 |       ||     9
       Conjure Flame     |     1 |       |       ||     1
       Searing Ray       |       |    11 |     4 ||    15
       Mephitic Cloud    |       |       |     1 ||     1
       Blink             |       |       |     1 ||     1
  Use: Scroll            |     4 |     2 |     2 ||     8
       Potion            |       |       |     1 ||     1
 Stab: Sleeping          |     3 |       |       ||     3
       Invisible         |       |     1 |       ||     1
Armor: Robe              |    12 |     1 |     9 ||    22
Dodge: Dodged            |    51 |    25 |     6 ||    82
